 Dungeon Crawl Stone Soup version 0.22.1 (webtiles) character file.

668 JedernureinKreuz the Sneak (level 7, -21/46 HPs)
             Began as a Vampire Conjurer on Sept 18, 2018.
             Was an Initiate of Dithmenos.
             Demolished by an ogre
             ... wielding a cursed +0 giant club
              (24 damage)
             ... on level 4 of the Dungeon.
             The game lasted 00:29:21 (8094 turns).

JedernureinKreuz the Sneak (Vampire Conjurer)       Turns: 8094, Time: 00:29:22

Health: -21/46     AC:  5    Str:  9    XL:     7   Next: 32%
Magic:  2/12       EV: 13    Int: 20    God:    Dithmenos [......]
Gold:   148        SH:  0    Dex: 14    Spells: 5/13 levels left

rFire    + . .     SeeInvis +   i - +3 dagger (venom)
rCold    + + .     Gourm    .   (no shield)
rNeg     + + +     Faith    +   q - +0 leather armour
rPois    ∞         Spirit   .   l - +1 helmet
rElec    .         Reflect  .   (no cloak)
rCorr    .         Harm     .   (no gloves)
MR       .....                  (no boots)
Stlth    +++++.....             r - amulet of faith
HPRegen  0.00/turn              e - +2 ring of strength
MPRegen  0.13/turn              x - ring of protection from fire

@: bloodless, non-regenerating
A: fangs 3, see invisible, unbreathing
a: Bat Form, Renounce Religion


You were on level 4 of the Dungeon.
You worshipped Dithmenos.
Dithmenos was noncommittal.
You were bloodless.

You visited 1 branch of the dungeon, and saw 5 of its levels.
You also visited: Sewer.

You collected 148 gold pieces.

Inventory:

Hand Weapons
 b - a +0 dagger
 f - a +0 short sword
 i - a +3 dagger of venom (weapon)
 y - a +2 short sword of freezing
Missiles
 h - 21 sling bullets
 n - 50 bolts
 o - 29 poisoned needles
 t - 65 arrows
 D - 2 javelins (quivered)
Armour
 a - a +0 robe
 l - a +1 helmet (worn)
 q - a +0 leather armour (worn)
Jewellery
 e - a +2 ring of strength (left hand)
 m - an uncursed ring of positive energy
 r - an amulet of faith (around neck)
 x - a ring of protection from fire (right hand)
 F - an uncursed amulet of the gourmand
 G - an uncursed ring of poison resistance
Scrolls
 d - a scroll of magic mapping
 g - 2 scrolls of teleportation
 k - 3 scrolls of remove curse
 p - a scroll of blinking
 u - 2 scrolls of immolation
 H - a scroll of identify
Potions
 c - 5 potions of blood
 j - a potion of berserk rage {unknown}
 s - a potion of mutation {unknown}
 v - 3 potions of curing
 w - 3 potions of brilliance
 z - 2 potions of might {unknown}
 A - 4 potions of flight
 B - 3 potions of agility
 C - a potion of heal wounds {unknown}
 E - a potion of haste {unknown}


   Skills:
 + Level 3.4 Short Blades
 + Level 2.0 Armour
 + Level 4.2 Dodging
 + Level 5.9 Stealth
 + Level 3.6 Spellcasting
 + Level 3.8 Conjurations


You had 5 spell levels left.
You knew the following spells:

 Your Spells              Type           Power        Failure   Level  Hunger
a - Magic Dart            Conj           ###.         3%          1    None
b - Iskenderun's Mystic   Conj           ###.....     36%         4    ####...
c - Dazzling Spray        Conj/Hex       ##....       24%         3    ###....

Your spell library contained the following spells:

 Spells                   Type           Power        Failure   Level  Hunger
 Searing Ray              Conj           ###...       5%          2    ##.....
 Force Lance              Conj/Tloc      ##......     63%         4    ####...
 Fulminant Prism          Conj/Hex       ##........   63%         4    ####...


Dungeon Overview and Level Annotations

Branches:
Dungeon (5/15)
 Temple: D:4-7

Altars:
Ashenzari
Dithmenos
Fedhas
Okawaru
Qazlal
Ru

Annotations:
D:2 exclusion: oklob plant


Innate Abilities, Weirdness & Mutations

You do not heal naturally.
You are immune to poison.
You have razor-sharp teeth.
You have supernaturally acute eyesight. (SInv)
You can survive without breathing.


Message History

The magic dart hits the ogre.
The ogre is almost dead.
The ogre closely misses you.
Casting: Magic Dart (safe; 3% risk of failure)
Confirm with . or Enter, or press ? or * to list all spells.
Aiming: Magic Dart (safe; 3% risk of failure)
Press: ? - help, Shift-Dir - straight line, f/p - ogre
Aim: an ogre, wielding a giant club (almost dead)
The magic dart hits the ogre.
The ogre is almost dead.
Casting: Magic Dart (safe; 3% risk of failure)
Confirm with . or Enter, or press ? or * to list all spells.
Aiming: Magic Dart (safe; 3% risk of failure)
Press: ? - help, Shift-Dir - straight line, f/p - ogre
Aim: an ogre, wielding a giant club (almost dead)
The magic dart hits the ogre.
The ogre is almost dead.
The ogre hits you with a giant club!!
Ouch! That really hurt!
You die...

#....#.#..#.......#..
######....#.#..#.......#.%
#.........#.#..#.......#..
#.####.........###'#####..
######.######..................
#....=......#..................
#.####.####.#.....#############
#.#.......#.#.O#...............
#.#.##.##.#.#.@#..........[....
###.#.#...#.#.#..################
#......._........................
#.#.#.#...#.#.#......)...........
#.#.#.##.##.#.#..................
#.#.#.......#.#.#################
#.#.####.####.#.#
#.#...........#.#
#.######.######.#


You could see an ogre.

Vanquished Creatures
  A phantom (D:4)
  A big kobold (Sewer)
  A scorpion (D:5)
  2 hounds
  An orc priest (D:5)
  2 orc wizards
  2 worker ants (D:4)
  A hound skeleton (D:4)
  10 adders
  4 river rats (Sewer)
  3 oozes
  An adder skeleton (D:4)
  4 worms
  5 leopard geckos
  7 orcs
  6 ball pythons
  4 bats
  2 giant cockroaches (D:1)
  4 goblins
  4 hobgoblins
  2 jackals (D:4)
  19 kobolds
  A quokka (D:2)
  5 frilled lizards
  A leopard gecko skeleton (D:4)
  24 rats
117 creatures vanquished.

Vanquished Creatures (others)
  16 toadstools (D:2)
16 creatures vanquished.

Grand Total: 133 creatures vanquished

Notes
Turn   | Place    | Note
-------+----------+-------------------------------------------
     0 | D:1      | JedernureinKreuz the Vampire Conjurer began the quest for
                  | the Orb.
     0 | D:1      | Reached XP level 1. HP: 13/13 MP: 3/3
   128 | D:1      | Reached XP level 2. HP: 19/19 MP: 5/5
   478 | D:1      | Reached skill level 1 in Short Blades
   601 | D:2      | Reached XP level 3. HP: 24/24 MP: 6/6
   667 | D:2      | Found a stormy altar of Qazlal.
   952 | D:2      | Found an iron altar of Okawaru.
  1154 | D:2      | Found a blossoming altar of Fedhas.
  1173 | D:2      | Noticed an oklob plant
  1223 | D:3      | Reached skill level 4 in Stealth
  1223 | D:3      | Reached XP level 4. HP: 20/30 MP: 0/7
  1229 | D:3      | Learned a level 4 spell: Iskenderun's Mystic Blast
  1233 | D:3      | Learned a level 3 spell: Dazzling Spray
  1397 | D:3      | Found a shattered altar of Ashenzari.
  1694 | D:3      | Found a glowing drain.
  1705 | Sewer    | Entered a sewer
  2445 | Sewer    | Reached XP level 5. HP: 7/35 MP: 1/9
  3004 | Sewer    | Reached skill level 1 in Armour
  4872 | D:3      | Reached XP level 6. HP: 31/41 MP: 10/10
  5379 | D:4      | Reached skill level 5 in Stealth
  6083 | D:4      | Found a sacrificial altar of Ru.
  7372 | D:4      | Reached XP level 7. HP: 38/46 MP: 5/12
  7399 | D:5      | Entered Level 5 of the Dungeon
  7949 | D:5      | Found a shadowy altar of Dithmenos.
  7958 | D:5      | Became a worshipper of Dithmenos the Shadowed
  8094 | D:4      | Demolished by an ogre

Skill      XL: |  1  2  3  4  5  6  7 |
---------------+----------------------+-----
Conjurations   | 3 |  3.8
Short Blades   | 1 2 3 |  3.4
Stealth        | 4 5 |  5.9
Dodging        | 3 4 |  4.2
Armour         | 1 2 |  2.0
Spellcasting   | 3 |  3.6

Action                   |  1- 3 |  4- 6 |  7- 9 || total
-------------------------+-------+-------+-------++-------
Melee: Short sword       |     9 |    90 |       ||    99
       Dagger            |    42 |    96 |    28 ||   166
       Bite              |     3 |    11 |     2 ||    16
Throw: Javelin           |       |     2 |       ||     2
 Cast: Magic Dart        |    16 |    89 |    18 ||   123
       Iskenderun's Myst |       |     4 |       ||     4
       Dazzling Spray    |       |     1 |       ||     1
 Abil: End Transformatio |       |     2 |     1 ||     3
       Bat Form          |       |     2 |     1 ||     3
  Use: Potion            |       |     9 |     1 ||    10
       Scroll            |       |     9 |     4 ||    13
 Stab: Sleeping          |     9 |     9 |       ||    18
       Invisible         |       |     1 |       ||     1
Armor: Robe              |     4 |       |       ||     4
       Leather armour    |     2 |    37 |     7 ||    46
Dodge: Dodged            |    26 |   145 |    18 ||   189
